 Dungeon Crawl Stone Soup version 0.31-a0-430-gf8416d752b (webtiles) character file.

Game seed: 6542098430842588378

139 Ethylacetat the Changeling (level 4, 0/36 HPs)
             Began as a Demigod Shapeshifter on July 31, 2023.
             Slain by Robin
             ... wielding a +2 dagger of freezing
              (4 damage)
             ... on level 3 of the Dungeon.
             The game lasted 00:02:52 (2530 turns).

Ethylacetat the Changeling (Demigod Shapeshifter)   Turns: 2530, Time: 00:02:53

Health: 0/36       AC:  2    Str: 16    XL:     4   Next: 70%
Magic:  6/6        EV: 12    Int: 10    God:
Gold:   133        SH:  4    Dex: 18    Spells: 3/3 levels left

rFire   . . .        p - +1 dagger (vamp)
rCold   . . .        o - +0 buckler
rNeg    . . .        a - +0 animal skin
rPois   .            (helmet currently unavailable)
rElec   .            (cloak currently unavailable)
rCorr   .            (gloves currently unavailable)
SInv    .            (boots currently unavailable)
Will    .....        (no amulet)
Stlth   ++           (no ring)
HPRegen 0.26/turn    (no ring)
MPRegen 0.10/turn

%: no passive effects
@: beast-form
A: beast (slay +2), high MP 1, forlorn, divine attributes
a: Begin Untransformation


You were on level 3 of the Dungeon.
You were a hulking beast.
You visited 1 branch of the dungeon, and saw 3 of its levels.

You collected 133 gold pieces.

Inventory:

Hand Weapons
 p - a +1 vampiric dagger (weapon)
Armour
 a - a +0 animal skin (worn)
 o - a +0 buckler (worn)
Talismans
 c - a beast talisman (active)
Scrolls
 d - a scroll of torment {unknown}
 e - 2 scrolls of identify {unknown}
 f - a scroll of silence {unknown}
 k - 2 scrolls of immolation {unknown}
 n - a scroll of poison {unknown}
Potions
 b - 3 potions of lignification
 g - a potion of invisibility {unknown}
 h - a potion of might {unknown}
 i - a potion of mutation {unknown}
 j - a potion of heal wounds {unknown}
 l - a potion of haste {unknown}
 m - a potion of brilliance {unknown}


   Skills:
 + Level 2.2 Fighting
 - Level 1.7 Dodging
 + Level 3.4 Unarmed Combat
 * Level 3.7 Shapeshifting


You had 3 spell levels left.
You didn't know any spells.
Your spell library was empty.

Dungeon Overview and Level Annotations

Branches:
Dungeon (3/15)

Annotations:
D:3 Robin


Innate Abilities, Weirdness & Mutations

You are a hulking beast.
Your limbs bulge with bestial killing power. (Slay +2)
You have an increased reservoir of magic. (+10% MP)
You shall have no god before yourself.
Your divine heritage dramatically boosts your attributes as you level up.


Message History

You kill the hobgoblin!
You hit Robin but do no damage.
Robin hits you with a +2 dagger of freezing.
Robin freezes you.
You hit Robin.
You feel better.
Robin is lightly wounded.
Robin hits you with a +2 dagger of freezing.
* * * LOW HITPOINT WARNING * * *
Robin freezes you.
* * * LOW HITPOINT WARNING * * *
You hit Robin.
Robin is moderately wounded.
You block Robin's attack.
You hit Robin.
You feel better.
Robin is moderately wounded.
Robin hits you with a +2 dagger of freezing.
Robin freezes you.
* * * LOW HITPOINT WARNING * * *
You closely miss Robin.
Robin is moderately wounded.
Robin closely misses you.
You hit Robin.
You feel better.
Robin is moderately wounded.
Robin laughs in a distinctly smug fashion.
Robin hits you with a +2 dagger of freezing.
* * * LOW HITPOINT WARNING * * *
Robin freezes you.
* * * LOW HITPOINT WARNING * * *
You hit Robin.
You feel better.
Robin is heavily wounded.
Robin hits you with a +2 dagger of freezing.
* * * LOW HITPOINT WARNING * * *
Robin freezes you.
* * * LOW HITPOINT WARNING * * *
Robin closely misses you.
You completely miss Robin.
Robin is heavily wounded.
Robin's bangles clink loudly.
Robin hits you with a +2 dagger of freezing.
You die...

..##≈~♣~.~### #...†#
...♣....~...# #....#
#$~~~#~~~...# ######
~..~~....###[ #
####♣.~...~.... .# #
#~.≈.≈)~~~.# .# #
##~.≈~♣~~.## ### .#
#.....#g## #.# .#
#.....#h#####.###.#
#.....))....#.....#
#:......[........#######
#......................#
#....####.........####.#
##### #.........# #.#
#.........# #.#
#.........# #.#
#........## #..


You could see Robin.

Vanquished Creatures
  6 adders
  A worm (D:2)
  A dart slug (D:1)
  6 endoplasms
  2 giant cockroaches (D:2)
  16 goblins
  7 hobgoblins
  9 jackals
  5 kobolds
  A quokka (D:1)
  A ball python (D:2)
  9 bats
  3 frilled lizards
  7 rats
74 creatures vanquished.

Notes
Turn   | Place    | Note
-------+----------+-------------------------------------------
     0 | D:1      | Ethylacetat the Demigod Shapeshifter began the quest for
                  | the Orb.
     0 | D:1      | Reached XP level 1. HP: 15/15 MP: 3/3
    46 | D:1      | Reached skill level 1 in Fighting
   158 | D:1      | Reached XP level 2. HP: 21/23 MP: 4/4
  1185 | D:2      | Reached XP level 3. HP: 28/28 MP: 5/5
  1473 | D:2      | Reached XP level 4. HP: 24/36 MP: 6/6
  2495 | D:3      | Noticed Robin
  2530 | D:3      | Slain by Robin

Illustrated notes

Levels and vault maps discovered:
D:1:      dpeg_arrival_pits, layout_basic
D:2:      layout_basic, shapermc_ecumenical_altar_acropolis
D:3:      layout_basic, chequers_serial_rivers_marsh, uniq_robin

Skill      XL: |  1  2  3 |
---------------+----------+-----
Fighting       | 1 2 |  2.2
Shapeshifting  | 3 |  3.7
Unarmed Combat | 3 |  3.4
Dodging        | |  1.7

Action                     |  1- 3 |  4- 6 || total
---------------------------+-------+-------++-------
  Melee: Unarmed           |   131 |    49 ||   180
         Punch             |     1 |     3 ||     4
         Dagger            |       |    27 ||    27
   Stab: Sleeping          |     1 |     2 ||     3
 Armour: Animal skin       |    41 |     4 ||    45
  Dodge: Dodged            |   103 |    41 ||   144
  Block: Buckler           |       |     6 ||     6

Table legend: (Time is in decaauts)
 A = Elapsed time spent in this place.
 B = Non-inter-level travel time spent in this place.
 C = Inter-level travel time spent in this place.
 D = Time resting spent in this place.
 E = Time spent auto-exploring this place.
 F = Levels seen in this place.
 G = Mean time per level.
                   A        B        C        D        E       F      G
               +--------+--------+--------+--------+--------+-----+--------+
         Total |   2523 |   2473 |     50 |     47 |   2002 |   3 |  841.0 |
       Dungeon |   2523 |   2473 |     50 |     47 |   2002 |   3 |  841.0 |
               +--------+--------+--------+--------+--------+-----+--------+

Top non-repeatable levels by time:
     D:1: 1036 daAuts
     D:2: 1028 daAuts
     D:3: 458 daAuts
